 Dungeon Crawl Stone Soup version 0.24.0-1-gfbc8707 (webtiles) character file.

Game seed: 9754162077723149650, levelgen mode: deterministic

15 AmazingTV the Conjurer (level 2, 0/22 HPs)
             Began as a Draconian Conjurer on Nov 18, 2019.
             Slain by a leopard gecko (3 damage)
             ... on level 1 of the Dungeon.
             The game lasted 00:07:26 (310 turns).

AmazingTV the Conjurer (Draconian Conjurer)          Turns: 310, Time: 00:07:26

Health: 0/22       AC:  4    Str: 10    XL:     2   Next: 34%
Magic:  0/5        EV: 12    Int: 15    God:
Gold:   35         SH:  0    Dex: 11    Spells: 4/5 levels left

rFire    . . .     SeeInvis .   d - -2 dagger (curse)
rCold    . . .     Gourm    .   (no shield)
rNeg     . . .     Faith    .   (armour unavailable)
rPois    .         Spirit   .   (helmet restricted)
rElec    .         Reflect  .   (no cloak)
rCorr    .         Harm     .   (no gloves)
MR       .....                  (no boots)
Stlth    ++........             (no amulet)
HPRegen  0.07/turn              (no ring)
MPRegen  0.09/turn              (no ring)

@: no status effects
A: unfitting armour, cold-blooded, AC +4
a: no special abilities


You were on level 1 of the Dungeon.
You were not hungry.

You visited 1 branch of the dungeon, and saw 1 of its levels.

You collected 35 gold pieces.

Inventory:

Hand Weapons
 a - a +0 short sword
 d - a cursed -2 dagger (weapon)
Missiles
 c - 20 arrows
Jewellery
 f - an uncursed ring of protection from cold {unknown}
Potions
 e - 3 potions of haste
Comestibles
 b - 2 rations


   Skills:
 * Level 0.8 Fighting
 * Level 0.4 Short Blades
 * Level 1.9 Dodging
 + Level 1.8 Stealth
 * Level 2.0 Spellcasting
 + Level 4.2 Conjurations


You had 4 spell levels left.
You knew the following spells:

 Your Spells              Type           Power        Failure   Level  Hunger
a - Magic Dart            Conj           ##..         3%          1    #......

Your spell library contained the following spells:

 Spells                   Type           Power        Failure   Level  Hunger
 Searing Ray              Conj           ##....       6%          2    ###....
 Dazzling Spray           Conj/Hex       #.....       28%         3    ###....
 Iskenderun's Mystic Bla  Conj           ##......     36%         4    #####..
 Force Lance              Conj/Tloc      #.......     67%         4    #####..
 Fulminant Prism          Conj/Hex       #.........   67%         4    #####..


Dungeon Overview and Level Annotations

Branches:
Dungeon (1/15)

Altars:


Innate Abilities, Weirdness & Mutations

Your plain brown scales are hard. (AC +4)
You cannot fit into any form of body armour.
You are cold-blooded and may be slowed by cold attacks.


Message History

The kobold shouts!
You hit the leopard gecko but do no damage.
The leopard gecko is lightly wounded.
The leopard gecko bites you.
* * * LOW HITPOINT WARNING * * *
The hobgoblin barely misses you. The leopard gecko barely misses you.
Casting: Magic Dart (safe; 3% risk of failure)
Confirm with . or Enter, or press ? or * to list all spells.
Aiming: Magic Dart (safe; 3% risk of failure)
Press: ? - help, Shift-Dir - straight line, f - hobgoblin, p - leopard gecko
Aim: a hobgoblin The magic dart hits the hobgoblin.
The hobgoblin is heavily wounded.
The leopard gecko closely misses you. The hobgoblin hits you.
* * * LOW HITPOINT WARNING * * *
The leopard gecko closely misses you.
You hit the leopard gecko.
The leopard gecko is lightly wounded.
The leopard gecko bites you.
You die...

##.# #.# ###.#.............#
#.# #.# #.................#
#.###.#####.#.............#
#...........#.............#
#.........................#
...###.#...................#
## #.#......###..#########
#.#......###l.##...
#.#......##@lK...†..#
#.#..###+###g##.....# ..#.##
### #....# ..... ?... ...
...


You could see 2 leopard geckos, a hobgoblin and a kobold.

Vanquished Creatures
  2 giant cockroaches (D:1)
  4 jackals (D:1)
  A bat (D:1)
  A frilled lizard (D:1)
  A goblin (D:1)
  3 kobolds (D:1)
  2 rats (D:1)
14 creatures vanquished.

Notes
Turn   | Place    | Note
-------+----------+-------------------------------------------
     0 | D:1      | AmazingTV the Draconian Conjurer began the quest for the
                  | Orb.
     0 | D:1      | Reached XP level 1. HP: 14/14 MP: 3/3
   221 | D:1      | Reached XP level 2. HP: 14/22 MP: 1/5
   310 | D:1      | Slain by a leopard gecko

Levels and vault maps discovered:
D:1:      evilmike_arrival_hilbert_curve, layout_rooms, kennysheep_flooded_box

Action                   || total
-------------------------++-------
Melee: Dagger            ||    45
       Short sword       ||    16
       Tailslap          ||     5
 Cast: Magic Dart        ||    20
  Use: Scroll            ||     1
Armor: Skin              ||    27
Dodge: Dodged            ||    44
